 Dungeon Sprint DCSS version 0.30-a0-1116-gebefce21f7 (webtiles) character file.

Game seed: 13002758135362091065

125054 123456 the Conqueror (level 14, -11/168 HPs)
             Began as a Minotaur Fighter on Apr 21, 2023.
             Was an Initiate of Gozag.
             Mangled by Margery
             ... wielding a +5 demon whip
              (12 damage)
             ... in the Dungeon (Sprint IX: "|||||||||||||||||||||||||||||").
             The game lasted 00:18:53 (5229 turns).

123456 the Conqueror (Minotaur Fighter)             Turns: 5229, Time: 00:18:54

Health: -11/168    AC: 42    Str: 32    XL:     14   Next: 59%
Magic:  13/13      EV: 10    Int:  2    God:    Gozag
Gold:   5085       SH: 14    Dex: 10    Spells: 13/13 levels left

rFire   . . .      SeeInvis +    O - +2 eveningstar (holy)
rCold   . . .      Faith    .    P - +2 tower shield {AC+3}
rNeg    . . .      Spirit   .    n - +8 plate armour "Kidufue" {Contam rElec rPois Int-4}
rPois   +          Reflect  .    K - +2 hat
rElec   +          Rampage  .    J - +2 cloak of the Thief {*Fog Slay-2 SInv Stlth+}
rCorr   .          NoTele   +    E - +1 pair of gloves "Pugiwn" {Will- Int-5 Slay+4 Stlth+}
Will    .....                    o - +2 pair of boots Stlth
                                 u - amulet of regeneration
HPRegen 1.28/turn                H - +6 ring of intelligence
MPRegen 0.13/turn                I - +6 ring of strength

@: no status effects
A: horns 2, retaliatory headbutt, see invisible, poison resistance
}: 4/17 runes: decaying, serpentine, barnacled, gossamer
a: Renounce Religion, Potion Petition, Call Merchant, Bribe Branch


You were in the Dungeon.
You worshipped Gozag.
Gozag was greatly pleased with you.
You visited 1 branch You collected 23084 gold pieces.
You spent 5411 gold pieces at shops.
You paid 12588 gold pieces to Gozag.

Inventory:

Hand Weapons
 D - a +2 great mace of holy wrath
 O - a +2 eveningstar of holy wrath (weapon)
 Q - the +9 staff of Olgreb {rPois∞}
   (You bought it in a shop in the Dungeon)

   It enhances your poison magic.
   It grants immunity to poison.
   It can be activated via the 'a'bility menu to radiate toxic energy, with
   effectiveness depending on Evocations skill.
Armour
 b - a +0 scale mail
 n - the +8 plate armour "Kidufue" (worn) {Contam rElec rPois Int-4}
   (You bought it in a shop in the Dungeon)

   Int:       It affects your intelligence (-4).
   rElec:     It insulates you from electricity.
   rPois:     It protects you from poison.
   Contam:    It causes magical contamination when unequipped.
 o - a +2 pair of boots (worn)
 p - a +1 chain mail
 w - a +0 pair of gloves
 A - a +2 cloak
 E - the +1 pair of gloves "Pugiwn" (worn) {Will- Int-5 Slay+4 Stlth+}
   (You bought it in a shop in the Dungeon)

   Int:       It affects your intelligence (-5).
   Slay:      It affects your accuracy & damage with ranged weapons and melee
   (+4).
   Will:      It decreases your willpower.
   Stlth:     It makes you more stealthy.
 J - the +2 cloak of the Thief (worn) {*Fog Slay-2 SInv Stlth+}
   (You found it in the Dungeon)

   *Fog:      It may release a thick cloud of smoke when the wearer is hurt.
   Slay:      It affects your accuracy & damage with ranged weapons and melee
   (-2).
   SInv:      It lets you see invisible.
   Stlth:     It makes you more stealthy.
 K - a +2 hat (worn)
 P - a +2 tower shield of protection (worn)
Jewellery
 a - a ring of fire
 c - a ring of protection from fire
 q - a +3 ring of dexterity
 r - a +3 ring of dexterity
 u - an amulet of regeneration (around neck)
 B - a ring of fire
 C - a ring of ice
 F - a ring of wizardry
 G - a ring of wizardry
 H - a +6 ring of intelligence (left hand)
 I - a +6 ring of strength (right hand)
Wands
 m - a wand of quicksilver (10)
 x - a wand of flame (15)
Scrolls
 j - 7 scrolls of blinking
 l - 3 scrolls of amnesia
 t - 4 scrolls of fear
 y - 2 scrolls of identify
 M - a scroll of fog
 N - 3 scrolls of enchant weapon
Potions
 d - 4 potions of might
 e - 9 potions of curing
 f - 5 potions of heal wounds
 g - 3 potions of haste
 h - 4 potions of magic
 i - 2 potions of berserk rage
 k - a potion of invisibility
 s - a potion of brilliance
 v - 2 potions of resistance
 z - a potion of degeneration {unknown}
 L - 3 potions of mutation


   Skills:
 O Level 27 Fighting
 * Level 26.9 Maces & Flails
 + Level 0.0(17.9) Staves
 + Level 20.1 Armour
 + Level 18.1 Dodging
 - Level 3.6 Shields
 * Level 0.0 Evocations


You had 13 spell levels left.
You didn't know any spells.
Your spell library contained the following spells:

 Spells                   Type           Power      Damage    Failure   Level
 Summon Small Mammal      Summ           0%         N/A       100%        1
 Call Canine Familiar     Summ           0%         N/A       100%        3
 Summon Guardian Golem    Hex/Summ       0%         N/A       100%        3


Dungeon Overview and Level Annotations

Branches:
Dungeon (1/1)

Altars:
Cheibriados
Dithmenos
Elyvilon
Fedhas
Gozag
Hepliaklqana
Kikubaaqudgha
Makhleb
Nemelex Xobeh
Okawaru
Qazlal
Ru
Sif Muna
Trog
Uskayaw
Vehumet
Wu Jian
Xom
Yredelemnul
Zin
The Shining One
Jiyva
Lugonu

Shops:
D *[[*(!*[((

Annotations:
D Margery


Innate Abilities, Weirdness & Mutations

You have a pair of horns on your head.
You reflexively headbutt those who attack you in melee.
You have supernaturally acute eyesight. (SInv)
Your system is resistant to poisons. (rPois)


Message History

Margery is heavily wounded.
You block the hell knight's attack.
The hell knight prays to its god.
The hell knight seems to speed up.
Margery hits you with a +5 demon whip!!
* * * LOW HITPOINT WARNING * * *
With a swish of your cloak, you release a cloud of fog.
The hell knight hits you but does no damage.
Margery hits you but does no damage.
You feel much better.
The hell knight hits you but does no damage.
You block Margery's attack.
You puncture Margery! Your headbutt misses Margery.
Margery is severely wounded.
You block Margery's attack. You block the hell knight's attack.
You closely miss Margery. You headbutt Margery!!
Margery is severely wounded.
Margery's soul is no longer bound.
Margery gestures at you while chanting. The bolt of fire hits you!!
* * * LOW HITPOINT WARNING * * *
With a swish of your cloak, you release a cloud of fog.
The hell knight hits you but does no damage.
You closely miss Margery. Your headbutt misses Margery.
Margery is severely wounded.
Margery hits you with a +5 demon whip!!
* * * LOW HITPOINT WARNING * * *
You block the hell knight's attack.
You bludgeon Margery!!
Margery is almost dead.
You block Margery's attack.
The hell knight hits you but does no damage.
You barely miss Margery.
Margery is almost dead.
The hell knight utters an invocation to its god.
The hell knight seems to speed up.
Margery hits you with a +5 demon whip.
* * * LOW HITPOINT WARNING * * *
Unknown command.
Margery attacks as you move away! Margery hits you with a +5 demon whip!
You die...
Your body crumbles into a pile of gold. ▓.G.C.C.ppppppppppppppp ▓p▓▓▓▓▓▓▓▓▓▓▓▓▓▓▓▓▓▓▓▓▓ ▓.ppppppppppppppppppppp ▓▓▓▓▓▓▓▓▓▓▓▓▓▓▓▓▓▓▓▓▓▓▓ ▓.GC.C.pppppppppppppppp ▓p▓▓▓▓▓▓▓▓▓▓▓▓▓▓▓▓▓▓▓▓▓ ▓.ppppppppppppppppppppp ▓▓▓▓▓▓▓▓▓▓▓▓▓▓▓▓▓▓▓▓♣♣♣ ▓.ppp@@§§..........'∩∩∩ ▓p▓▓▓▓▓▓▓▓▓▓▓▓▓▓▓▓▓▓♣♣♣ $

You could see Margery and a hell knight (fast, soul bound).

Vanquished Creatures
  6 nagarajas (D)
  6 emperor scorpions (D)
  2 ghost moths (D)
  Louise (D)
  A spark wasp (D)
  Snorg (D)
  A merfolk impaler (D)
  4 hydras (D)
  2 ghost crabs (D)
  An ice dragon (D)
  2 ironbound frosthearts (D)
  A boulder beetle (D)
  A merfolk avatar (D)
  2 centaur warriors (D)
  A death knight (D)
  An alligator (D)
  A naga warrior (D)
  A vampire mage (D)
  2 orc high priests (D)
  A naga ritualist (D)
  2 steelbarb worms (D)
  7 swamp dragons (D)
  An orb spider (D)
  7 orc knights (D)
  A wolf spider (D)
  A cyclops (D)
  2 manticores (D)
  4 moths of wrath (D)
  A will-o-the-wisp (D)
  Joseph (D)
  A slime creature (D)
  2 naga magi (D)
  A torpor snail (D)
  5 cane toads (D)
  A rime drake (D)
  3 komodo dragons (D)
  A meliai (D)
  A troll (D)
  3 tyrant leeches (D)
  2 blink frogs (D)
  A snapping turtle (D)
  2 jumping spiders (D)
  A wraith (D)
  A shadow (D)
  3 yaks (D)
  2 wyverns (D)
  2 redbacks (D)
  2 vampire mosquitoes (D)
  Grum (D)
  2 water moccasins (D)
  6 orc warriors (D)
  A wolf (D)
  A centaur (D)
  A kobold brigand (D)
  6 bullfrogs (D)
  2 hounds (D)
  6 orc priests (D)
  3 orc wizards (D)
  A sleepcap (D)
  5 orcs (D)
  2 bats (D)
  An endoplasm (D)
  A hobgoblin (D)
  A rat (D)
139 creatures vanquished.

Vanquished Creatures (collateral kills)
  Nikola (D)
  A quicksilver dragon (D)
  Agnes (D)
  Ilsuiw (D)
  A fire giant (D)
  A frost giant (D)
  An ironbound preserver (D)
  An ironbound thunderhulk (D)
  2 stone giants (D)
  A merfolk javelineer (D)
  2 merfolk impalers (D)
  A great orb of eyes (D)
  A rakshasa (D)
  An ice dragon (D)
  A hydra (D)
  A boulder beetle (D)
  An ironbound frostheart (D)
  An anaconda (D)
  A deep troll earth mage (D)
  A glowing orange brain (D)
  2 sea snakes (D)
  A swamp dragon (D)
  An ironbound convoker (D)
  A manticore (D)
  A black mamba (D)
  A vault sentinel (D)
  2 guardian serpents (D)
  A naga mage (D)
  A yaktaur (D)
  A merfolk (D)
  A water elemental (D)
  A naga (D)
  3 orc warriors (D)
39 creatures vanquished.

Vanquished Creatures (others)
  A tengu reaver (D)
  Donald (D)
  Aizul (D)
  An ironbound preserver (D)
  5 stone giants (D)
  A very ugly thing (D)
  2 ironbound thunderhulks (D)
  A vampire knight (D)
  2 eleionomae (D)
  4 merfolk javelineers (D)
  A fire dragon (D)
  3 merfolk impalers (D)
  A yaktaur captain (D)
  2 great orbs of eyes (D)
  A merfolk avatar (D)
  An anaconda (D)
  An ironbound frostheart (D)
  A deep troll earth mage (D)
  2 spriggan berserkers (D)
  2 hell knights (D)
  5 orc high priests (D)
  A spriggan druid (D)
  A sea snake (D)
  2 swamp dragons (D)
  2 orc knights (D)
  A naga ritualist (D)
  A necromancer (D)
  An ironbound convoker (D)
  2 wizards (D)
  A salamander (D)
  A naga mage (D)
  A merfolk (D)
  A tyrant leech (D)
  2 nagas (D)
  An orc warrior (D)
  A black bear (shapeshifter) (D)
  2 wolves (D)
60 creatures vanquished.

Grand Total: 238 creatures vanquished

Notes
Turn   | Place    | Note
-------+----------+-------------------------------------------
     0 | D        | 123456 the Minotaur Fighter began the quest for the Orb.
     0 | D        | Reached XP level 1. HP: 19/19 MP: 0/0
     7 | D        | Reached skill level 4 in Fighting
    11 | D        | Reached skill level 1 in Dodging
    22 | D        | Noticed a sleepcap
    22 | D        | Noticed a water moccasin
    22 | D        | Noticed a hound
    22 | D        | Noticed a hound
    27 | D        | Killed a hound
    28 | D        | Reached skill level 5 in Fighting
    28 | D        | Reached skill level 5 in Maces & Flails
    28 | D        | Reached XP level 2. HP: 29/30 MP: 1/1
    28 | D        | Reached XP level 3. HP: 36/37 MP: 2/2
    33 | D        | Reached skill level 6 in Fighting
    33 | D        | Reached skill level 5 in Armour
    33 | D        | Reached XP level 4. HP: 42/45 MP: 3/3
    42 | D        | Killed a water moccasin
    43 | D        | Reached skill level 8 in Fighting
    43 | D        | Reached XP level 5. HP: 55/55 MP: 4/4
   126 | D        | Found a snail-covered altar of Cheibriados.
   126 | D        | Found a shadowy altar of Dithmenos.
   126 | D        | Found a white marble altar of Elyvilon.
   126 | D        | Found a blossoming altar of Fedhas.
   126 | D        | Found an opulent altar of Gozag.
   127 | D        | Found a hazy altar of Hepliaklqana.
   128 | D        | Found a viscous altar of Jiyva.
   129 | D        | Found an ancient bone altar of Kikubaaqudgha.
   130 | D        | Found a corrupted altar of Lugonu.
   131 | D        | Found a burning altar of Makhleb.
   132 | D        | Found a sparkling altar of Nemelex Xobeh.
   133 | D        | Found an iron altar of Okawaru.
   134 | D        | Found a stormy altar of Qazlal.
   138 | D        | Became a worshipper of Gozag Ym Sagoz the Greedy
   142 | D        | Found a sacrificial altar of Ru.
   143 | D        | Found a shimmering blue altar of Sif Muna.
   144 | D        | Found a bloodstained altar of Trog.
   145 | D        | Found a hide-covered altar of Uskayaw.
   146 | D        | Found a radiant altar of Vehumet.
   147 | D        | Found an ornate altar of the Wu Jian Council.
   148 | D        | Found a shimmering altar of Xom.
   149 | D        | Found a basalt altar of Yredelemnul.
   150 | D        | Found a glowing silver altar of Zin.
   151 | D        | Found a glowing golden altar of the Shining One.
   207 | D        | Noticed a shadow
   207 | D        | Noticed a centaur
   207 | D        | Noticed a troll
   207 | D        | Noticed a yak
   209 | D        | Reached skill level 9 in Fighting
   211 | D        | Killed a yak
   212 | D        | Reached skill level 10 in Fighting
   212 | D        | Reached skill level 5 in Dodging
   212 | D        | Reached XP level 6. HP: 56/66 MP: 5/5
   214 | D        | Killed a troll
   215 | D        | Reached skill level 11 in Fighting
   215 | D        | Reached XP level 7. HP: 44/74 MP: 6/6
   217 | D        | Killed a shadow
   218 | D        | Reached skill level 12 in Fighting
   316 | D        | Noticed a vampire mosquito
   316 | D        | Noticed a cyclops
   316 | D        | Noticed a wraith
   316 | D        | Noticed a centaur warrior
   316 | D        | Noticed a boulder beetle
   316 | D        | Noticed a centaur warrior
   322 | D        | Killed a centaur warrior
   323 | D        | Reached skill level 13 in Fighting
   323 | D        | Reached skill level 10 in Armour
   323 | D        | Reached XP level 8. HP: 55/86 MP: 7/7
   327 | D        | Killed a centaur warrior
   328 | D        | Reached skill level 14 in Fighting
   328 | D        | Reached XP level 9. HP: 62/96 MP: 8/8
   350 | D        | Killed a cyclops
   351 | D        | Reached skill level 15 in Fighting
   355 | D        | Reached skill level 15 in Maces & Flails
   579 | D        | Killed a boulder beetle
   580 | D        | Reached skill level 10 in Dodging
   745 | D        | Noticed a cane toad
   745 | D        | Noticed a cane toad
   745 | D        | Noticed a rime drake
   746 | D        | Killed a rime drake
   747 | D        | Reached skill level 16 in Fighting
   749 | D        | Killed a cane toad
   750 | D        | Reached XP level 10. HP: 108/108 MP: 9/9
   755 | D        | Killed a cane toad
   777 | D        | Noticed a cane toad
   777 | D        | Noticed a cane toad
   782 | D        | Reached skill level 17 in Fighting
   792 | D        | Killed a cane toad
   796 | D        | Killed a cane toad
   836 | D        | Noticed a cane toad
   842 | D        | Reached skill level 18 in Fighting
   843 | D        | Killed a cane toad
   858 | D        | Reached XP level 11. HP: 89/121 MP: 10/10
   929 | D        | Noticed Joseph
   936 | D        | Killed Joseph
  1110 | D        | Noticed an orc knight
  1111 | D        | Noticed an orc knight
  1117 | D        | Noticed an orc high priest
  1120 | D        | Reached skill level 19 in Fighting
  1165 | D        | Found Ohogux's Assorted Antiques.
  1165 | D        | Noticed an orc high priest
  1165 | D        | Noticed an orc knight
  1165 | D        | Noticed an orc high priest
  1165 | D        | Noticed an orc knight
  1165 | D        | Noticed an orc knight
  1166 | D        | Noticed an orc knight
  1167 | D        | Found Maoqophi's General Store.
  1167 | D        | Noticed an orc high priest
  1169 | D        | Killed an orc high priest
  1173 | D        | Killed an orc knight
  1176 | D        | Killed an orc high priest
  1181 | D        | Killed an orc knight
  1181 | D        | Noticed an orc knight
  1184 | D        | Killed an orc knight
  1192 | D        | Found Vusk's Armour Boutique.
  1193 | D        | Killed an orc high priest
  1195 | D        | Noticed an orc knight
  1195 | D        | Found Cozum's General Store.
  1196 | D        | Noticed an orc high priest
  1197 | D        | Noticed an orc knight
  1198 | D        | Noticed an orc high priest
  1199 | D        | Noticed an orc high priest
  1200 | D        | Killed an orc knight
  1201 | D        | Reached skill level 20 in Fighting
  1203 | D        | Killed an orc high priest
  1206 | D        | Killed an orc knight
  1320 | D        | Bought a potion of curing for 72 gold pieces
  1320 | D        | Bought a runed cloak for 180 gold pieces
  1320 | D        | Bought a scroll of enchant armour for 180 gold pieces
  1334 | D        | Bought a scroll of enchant weapon for 90 gold pieces
  1334 | D        | Bought a potion of experience for 600 gold pieces
  1334 | D        | Reached skill level 15 in Armour
  1334 | D        | Reached XP level 12. HP: 133/133 MP: 11/11
  1337 | D        | Bought the +18 Lear's hauberk for 1212 gold pieces
  1337 | D        | Found the +18 Lear's hauberk
  1394 | D        | Bought a scroll of enchant weapon for 105 gold pieces
  1394 | D        | Bought a potion of heal wounds for 70 gold pieces
  1552 | D        | Gained mutation: Your system is resistant to poisons.
                  | (rPois) [potion of mutation]
  1552 | D        | Gained mutation: You have supernaturally acute eyesight.
                  | (SInv) [potion of mutation]
  1553 | D        | Noticed a boulder beetle
  1556 | D        | Noticed a death knight
  1559 | D        | Noticed a seven-headed hydra
  1560 | D        | Noticed a stone giant
  1563 | D        | Noticed a white very ugly thing
  1565 | D        | Noticed a stone giant
  1566 | D        | Killed a boulder beetle
  1567 | D        | Noticed a stone giant
  1568 | D        | Killed a seven-headed hydra
  1569 | D        | Reached skill level 21 in Fighting
  1570 | D        | Killed a death knight
  1571 | D        | Noticed a fire dragon
  1571 | D        | Killed a white very ugly thing
  1572 | D        | Noticed a frost giant
  1573 | D        | Noticed a vampire mage
  1574 | D        | Killed a stone giant
  1574 | D        | Killed a fire dragon
  1742 | D        | Noticed a spark wasp
  1750 | D        | Noticed an emperor scorpion
  1773 | D        | Killed a spark wasp
  1774 | D        | Reached XP level 13. HP: 43/145 MP: 12/12
  1800 | D        | Killed an emperor scorpion
  1801 | D        | Reached skill level 22 in Fighting
  1880 | D        | Noticed an eleionoma
  1890 | D        | Noticed an eleionoma
  1980 | D        | Noticed a merfolk impaler
  1980 | D        | Noticed a merfolk impaler
  1990 | D        | Reached skill level 15 in Dodging
  2068 | D        | Killed a merfolk impaler
  2077 | D        | Reached skill level 23 in Fighting
  2109 | D        | Bought a transparent plate armour for 924 gold pieces
  2109 | D        | Identified the +8 plate armour "Kidufue" {Contam rElec
                  | rPois Int-4} (You bought it in a shop in the Dungeon)
  2109 | D        | Bought a pair of encrusted gloves for 313 gold pieces
  2109 | D        | Identified the +1 pair of gloves "Pugiwn" {Will- Int-5
                  | Slay+4 Stlth+} (You bought it in a shop in the Dungeon)
  2135 | D        | Noticed Grum
  2138 | D        | Noticed Snorg
  2159 | D        | Noticed Donald
  2224 | D        | Noticed a stone giant
  2224 | D        | Noticed a stone giant
  2225 | D        | Noticed a quicksilver dragon
  2226 | D        | Noticed a tengu reaver
  2227 | D        | Noticed a stone giant
  2229 | D        | Killed a quicksilver dragon
  2231 | D        | Noticed a vampire knight
  2234 | D        | Noticed a stone giant
  2237 | D        | Noticed a fire giant
  2283 | D        | Noticed an ironbound preserver
  2283 | D        | Noticed an ironbound preserver
  2296 | D        | Reached skill level 24 in Fighting
  2299 | D        | Noticed an ironbound thunderhulk
  2306 | D        | Noticed an ironbound thunderhulk
  2308 | D        | Noticed an ironbound thunderhulk
  2414 | D        | Noticed Louise
  2424 | D        | Noticed Nikola
  2426 | D        | Noticed Aizul
  2428 | D        | Noticed Agnes
  2529 | D        | Found the +2 cloak of the Thief {*Fog Slay-2 SInv Stlth+}
  2681 | D        | Noticed a merfolk javelineer
  2681 | D        | Noticed a merfolk javelineer
  2681 | D        | Noticed a merfolk impaler
  2681 | D        | Noticed a merfolk javelineer
  2683 | D        | Noticed Ilsuiw
  2684 | D        | Noticed a merfolk impaler
  2685 | D        | Noticed a merfolk impaler
  2686 | D        | Noticed a merfolk javelineer
  2687 | D        | Noticed a merfolk impaler
  2688 | D        | Noticed a merfolk javelineer
  2690 | D        | Killed a merfolk impaler
  2694 | D        | Killed an ironbound thunderhulk
  2694 | D        | Killed a stone giant
  2697 | D        | Killed Agnes
  2699 | D        | Killed an ironbound preserver
  2701 | D        | Killed a fire giant
  2701 | D        | Killed a merfolk impaler
  2703 | D        | Killed a stone giant
  2703 | D        | Killed Ilsuiw
  2706 | D        | Killed Louise
  2712 | D        | Killed a merfolk impaler
  2719 | D        | Killed a merfolk javelineer
  2720 | D        | Killed Aizul
  2721 | D        | Your ally Donald died
  2726 | D        | Killed Nikola
  2731 | D        | Killed a merfolk impaler
  2894 | D        | Killed Snorg
  2910 | D        | Killed a frost giant
  2938 | D        | Killed Grum
  3147 | D        | Found Anwaix's Antique Armour Emporium.
  3437 | D        | Found Cozum's General Store.
  3439 | D        | Found Vusk's Armour Boutique.
  3441 | D        | Found Maoqophi's General Store.
  3443 | D        | Found Ohogux's Assorted Antiques.
  3734 | D        | Found a glowing golden altar of the Shining One.
  3735 | D        | Found a glowing silver altar of Zin.
  3736 | D        | Found a basalt altar of Yredelemnul.
  3737 | D        | Found a shimmering altar of Xom.
  3738 | D        | Found an ornate altar of the Wu Jian Council.
  3739 | D        | Found a radiant altar of Vehumet.
  3740 | D        | Found a hide-covered altar of Uskayaw.
  3741 | D        | Found a bloodstained altar of Trog.
  3742 | D        | Found a shimmering blue altar of Sif Muna.
  3743 | D        | Found a sacrificial altar of Ru.
  3744 | D        | Found a stormy altar of Qazlal.
  3745 | D        | Found an iron altar of Okawaru.
  3746 | D        | Found a sparkling altar of Nemelex Xobeh.
  3747 | D        | Found a burning altar of Makhleb.
  3748 | D        | Found a corrupted altar of Lugonu.
  3749 | D        | Found an ancient bone altar of Kikubaaqudgha.
  3750 | D        | Found a viscous altar of Jiyva.
  3751 | D        | Found a hazy altar of Hepliaklqana.
  3752 | D        | Found an opulent altar of Gozag.
  3753 | D        | Found a blossoming altar of Fedhas.
  3754 | D        | Found a white marble altar of Elyvilon.
  3755 | D        | Found a shadowy altar of Dithmenos.
  3756 | D        | Found a snail-covered altar of Cheibriados.
  4731 | D        | Got a barnacled rune of Zot
  4742 | D        | Noticed a nagaraja
  4742 | D        | Noticed a nagaraja
  4743 | D        | Noticed a nagaraja
  4748 | D        | Noticed a nagaraja
  4754 | D        | Noticed a nagaraja
  4755 | D        | Killed a nagaraja
  4757 | D        | Noticed a nagaraja
  4760 | D        | Killed a nagaraja
  4764 | D        | Killed a nagaraja
  4769 | D        | Killed a nagaraja
  4770 | D        | Reached skill level 25 in Fighting
  4770 | D        | Reached XP level 14. HP: 50/162 MP: 13/13
  4773 | D        | Killed a nagaraja
  4774 | D        | Killed a nagaraja
  4919 | D        | Got a serpentine rune of Zot
  4975 | D        | Reached skill level 26 in Fighting
  4991 | D        | Got a decaying rune of Zot
  5039 | D        | Noticed an emperor scorpion
  5039 | D        | Noticed an emperor scorpion
  5039 | D        | Noticed an emperor scorpion
  5039 | D        | Noticed a ghost moth
  5039 | D        | Noticed an emperor scorpion
  5047 | D        | Killed an emperor scorpion
  5048 | D        | Killed a ghost moth
  5053 | D        | Killed an emperor scorpion
  5064 | D        | Killed an emperor scorpion
  5073 | D        | Killed an emperor scorpion
  5084 | D        | Noticed an emperor scorpion
  5086 | D        | Noticed a ghost moth
  5094 | D        | Killed an emperor scorpion
  5100 | D        | Killed a ghost moth
  5101 | D        | Reached skill level 27 in Fighting
  5109 | D        | Got a gossamer rune of Zot
  5191 | D        | Bought a potion of curing for 45 gold pieces
  5191 | D        | Bought a potion of mutation for 120 gold pieces
  5193 | D        | Bought the +9 staff of Olgreb {rPois∞} for 1500 gold pieces
  5193 | D        | Found the +9 staff of Olgreb {rPois∞}
  5208 | D        | Noticed Margery
  5226 | D        | HP: 4/168 [Margery/+5 demon whip (18)]
  5228 | D        | HP: 1/168 [Margery/+5 demon whip (6)]
  5229 | D        | Mangled by Margery

Illustrated notes

Levels and vault maps discovered:
D:        linesprint [early_d, line_temple, items_1, d_10, items_2, lair_1,
          lair_end, items_3, orc_1, orc_end, items_4, d_15, swamp_1, shoals_1,
          snake_1, spider_1, d_20, vaults_1, items_5, swamp_end, shoals_end,
          snake_end, spider_end, vaults_end, d_27, items_6, zot_1, zot_end,
          crypt_end, forest_end, elf_end, slime_end, tomb_end, abyss_end,
          pan_hell_end]

Skill      XL: |  1  2  3  4  5  6  7  8  9 10 11 12 13 14 |
---------------+-------------------------------------------+-----
Fighting       | 5 6 8 10 11 13 14 16 18 20 21 25 27 | 27.0
Maces & Flails | 5 7 9 11 13 14 16 18 20 21 24 26 | 26.9
Dodging        | 2 3 4 5 6 8 9 10 11 13 14 16 18 | 18.1
Armour         | 4 5 6 7 8 10 12 13 15 16 18 20 | 20.1
Shields        | |  3.6

Action                     |  1- 3 |  4- 6 |  7- 9 | 10-12 | 13-15 || total
---------------------------+-------+-------+-------+-------+-------++-------
  Melee: Flail             |    22 |    14 |       |       |       ||    36
         Headbutt          |     1 |     6 |     9 |    37 |    74 ||   127
         Morningstar       |       |     7 |    37 |   120 |       ||   164
         Great mace        |       |       |       |    43 |    76 ||   119
         Eveningstar       |       |       |       |       |   156 ||   156
         Staff             |       |       |       |       |    11 ||    11
 Invoke: Bribe Branch      |       |       |       |     1 |     1 ||     2
         Call Merchant     |       |       |       |       |     6 ||     6
         Potion Petition   |       |       |       |       |     3 ||     3
    Use: Scroll            |       |       |     4 |     3 |     3 ||    10
         Potion            |       |       |       |     3 |     8 ||    11
   Stab: Distracted        |       |       |     1 |     1 |     2 ||     4
 Armour: Scale mail        |    10 |     5 |       |       |       ||    15
         Chain mail        |       |     3 |    25 |    50 |    21 ||    99
         Plate armour      |       |       |       |       |   185 ||   185
  Dodge: Dodged            |    16 |    11 |    16 |    78 |   113 ||   234
  Block: Buckler           |     5 |     4 |    10 |    21 |       ||    40
         Tower shield      |       |       |       |       |   130 ||   130

Table legend: (Time is in decaauts)
 A = Elapsed time spent in this place.
 B = Non-inter-level travel time spent in this place.
 C = Inter-level travel time spent in this place.
 D = Time resting spent in this place.
 E = Time spent auto-exploring this place.
 F = Levels seen in this place.
 G = Mean time per level.
                   A        B        C        D        E       F      G
               +--------+--------+--------+--------+--------+-----+--------+
         Total |   5260 |   4830 |    430 |    769 |   2266 |   1 | 5260.0 |
       Dungeon |   5260 |   4830 |    430 |    769 |   2266 |   1 | 5260.0 |
               +--------+--------+--------+--------+--------+-----+--------+

Top non-repeatable levels by time:
       D: 5260 daAuts
